 Dungeon Crawl Stone Soup version 0.16.0-12-g7215832 (webtiles) character file.

10446 Huymann the Thaumaturge (level 11, -7/69 HPs)
             Began as a High Elf Wizard on Mar 18, 2015.
             Was a High Priest of Vehumet.
             Hit by a large rock thrown by a cyclops (22 damage)
             ... on level 12 of the Dungeon on Mar 19, 2015.
             The game lasted 02:18:17 (13975 turns).

Huymann the Thaumaturge (High Elf Wizard)          Turns: 13975, Time: 02:18:19

Health: -7/69      AC:  5    Str:  6    XL:     11   Next: 36%
Magic:  35/40      EV: 15    Int: 26    God:    Vehumet [*****.]
Gold:   418        SH:  0    Dex: 14    Spells: 11 memorised, 5 levels left

rFire  . . .     SeeInvis .     f - +0 dagger (flame)
rCold  . . .     Clarity  .     L - +2 robe {MR+}
rNeg   . . .     SustAb   .     (no shield)
rPois  .         Gourm    .     b - +0 hat
rElec  .         Spirit   .     (no cloak)
rCorr  .         Warding  .     T - +0 pair of gloves
rMut   .         Stasis   .     (no boots)
MR     ++...                    (no amulet)
Stlth  ++........               S - ring of wizardry
                                j - ring of magical power

@: confused, repel missiles, very resistant to hostile enchantments, unstealthy
A: no striking features
a: Renounce Religion


You were on level 12 of the Dungeon.
You worshipped Vehumet.
Vehumet was extremely pleased with you.
You were not hungry.

You visited 1 branch of the dungeon, and saw 12 of its levels.

You collected 418 gold pieces.

Inventory:

Hand weapons
 f - a +0 dagger of flaming (weapon)
 p - a +0 blowgun
 G - a +0 shortbow of flaming
 O - a +1 rapier
Missiles
 i - 83 poisoned needles
 A - 288 arrows
 B - 18 poisoned arrows
 N - 12 javelins (quivered)
 W - 14 arrows of frost
Armour
 b - a +0 hat (worn)
 L - a +2 robe of magic resistance (worn)
 Q - the +2 ring mail of the Arcane {Dex+3}
   (You found it on level 8 of the Dungeon)

   It affects your dexterity (+3).
 T - a +0 pair of gloves (worn)
Magical staves
 M - an uncursed staff of energy
 U - an uncursed staff of cold
Jewellery
 j - a ring of magical power (left hand)
 S - a ring of wizardry (right hand)
 Z - an uncursed ring of protection from cold
Magical devices
 s - a wand of paralysis (13)
 v - a wand of hasting (0)
 x - a wand of fireball (0)
 y - a wand of random effects (7)
 z - a wand of digging (13)
 E - a wand of fire (7)
 J - a wand of paralysis (16)
 V - a wand of lightning (6)
Scrolls
 g - 4 scrolls of teleportation
 k - 3 scrolls of remove curse
 K - 4 scrolls of enchant armour
 P - a scroll of recharging
 R - a scroll of amnesia
Potions
 e - a potion of cure mutation {unknown}
 h - a potion of mutation {unknown}
 l - a potion of curing
 o - 3 potions of magic
 q - a potion of brilliance {unknown}
 t - a potion of beneficial mutation {unknown}
 w - 2 potions of restore abilities
 C - a potion of cancellation {unknown}
 D - 3 potions of agility
 H - a potion of flight {unknown}
Books
 c - a book of Minor Magic

   Spells                             Type                      Level
   a - Magic Dart                     Conjuration                  1
   b - Blink                          Translocation                2
   c - Call Imp                       Summoning                    2
   d - Repel Missiles                 Charms/Air                   2
   e - Slow                           Hexes                        2
   f - Conjure Flame                  Conjuration/Fire             3
   g - Mephitic Cloud                 Conjuration/Poison/Air       3
 r - a book of Debilitation

   Spells                             Type                      Level
   a - Corona                         Hexes                        1
   b - Slow                           Hexes                        2
   c - Inner Flame                    Hexes/Fire                   3
   d - Enslavement                    Hexes                        4
   e - Cause Fear                     Hexes                        4
   f - Leda's Liquefaction            Hexes/Earth                  4
Comestibles
 a - 5 chunks of flesh
 d - 10 bread rations
 n - 3 beef jerkies
 u - 3 meat rations
 X - 6 fruits
 Y - 4 royal jellies


   Skills:
 * Level 4.2 Fighting
 * Level 5.5 Short Blades
 + Level 1.6 Bows
 + Level 0.2 Throwing
 + Level 0.1 Armour
 * Level 6.3 Dodging
 * Level 7.3 Stealth
 * Level 9.6 Spellcasting
 * Level 7.9 Conjurations
 * Level 3.6 Hexes
 + Level 2.1 Summonings
 + Level 2.1 Translocations
 * Level 4.4 Fire Magic
 * Level 3.9 Ice Magic
 + Level 2.7 Air Magic
 + Level 1.9 Poison Magic
 * Level 4.9 Evocations


You had 5 spell levels left.
You knew the following spells:

 Your Spells              Type           Power        Failure   Level  Hunger
a - Magic Dart            Conj           ####         1%          1    None
b - Blink                 Tloc           N/A          1%          2    None
c - Call Imp              Summ           ###.....     1%          2    None
d - Corona                Hex            ####...      1%          1    None
e - Mephitic Cloud        Conj/Pois/Air  ####....     1%          3    None
f - Conjure Flame         Conj/Fire      #####...     1%          3    None
g - Inner Flame           Hex/Fire       ####....     1%          3    None
h - Throw Flame           Conj/Fire      #####.       1%          2    None
i - Throw Frost           Conj/Ice       #####.       1%          2    None
j - Dazzling Spray        Conj/Hex       #####...     1%          3    None
k - Repel Missiles        Chrm/Air       ###...       1%          2    None


Dungeon Overview and Level Annotations

Branches:
Dungeon (12/15)            Temple (0/1) D:7            Lair (0/8) D:11
    Orc: D:9-12

Altars:
Ashenzari
Cheibriados
Dithmenos
Kikubaaqudgha
Makhleb
Okawaru
Qazlal
Ru
Vehumet
Zin
The Shining One

Shops:
D:5 }   D:8 }   D:9 (   D:11 =

Annotations:
D:2 Sigmund
D:3 billydstr's ghost, average HOBe


Message History

A cyclops comes into view.
The giant frog hits you.
* * * LOW HITPOINT WARNING * * *
The adder bites you but does no damage.
The wolf spider zombie completely misses your white imp.
The wolf spider zombie bites your white imp.
The giant frog closely misses you.
Your white imp gestures at the wolf spider zombie.
The puff of frost hits the wolf spider zombie.
The wolf spider zombie resists.
Your white imp hits the adder.
Your white imp freezes the adder.
Drink which item? (? for menu, Esc to quit)
You are confused.
You feel invigorated.
The cyclops shouts!
The adder bites you but does no damage.
The wolf spider zombie closely misses your white imp. x2
The giant frog barely misses you.
The cyclops throws a large rock.
The large rock hits you!!
You die...

#########
#.......##########
#.......#........##
#^......#...........
####.......#.5@........
...........§Z5SF.###.CY
...#......†####.##
#.......# .# #####.####
### #....# ... .
#####.#...#.# ..
####..........%#
.##.#....##..#.#....


You could see a cyclops, a sky beast (wandering), a giant frog, an adder, a wolf
spider zombie and 2 friendly white imps.

Vanquished Creatures
  2 hill giants
  2 cyclopes
  A centaur zombie (D:11)
  A spiny frog (D:11)
  Prince Ribbit (D:6)
  A blink frog (D:11)
  A deep elf mage (D:9)
  A trapdoor spider (D:10)
  A wraith (D:11)
  3 hippogriffs
  Grum (D:8)
  4 wolves (D:8)
  7 yaks
  A steam dragon (D:7)
  A hungry ghost (D:9)
  A water moccasin (D:9)
  2 black bears
  2 orc warriors
  2 sky beasts
  2 wasps
  3 ice beasts
  2 phantoms
  5 ogres
  10 centaurs
  2 big kobolds
  3 giant frogs
  A water moccasin zombie (D:7)
  8 killer bees (D:10)
  2 scorpions
  A troll skeleton (D:10)
  A spriggan skeleton (D:10)
  A giant frog zombie (D:8)
  5 wights
  3 orc priests
  2 crimson imps
  3 goliath beetles
  2 giant frog skeletons
  A jelly (D:5)
  An iguana (D:9)
  A quasit (D:6)
  3 centaur skeletons
  4 hounds
  3 orc wizards
  13 worker ants
  Natasha (thrice) (D:4)
  3 sheep (D:10)
  A killer bee zombie (D:9)
  2 hound skeletons
  2 worker ant zombies
  2 gnolls (D:6)
  3 shadow imps
  7 adders
  3 worms (D:3)
  5 giant mites
  2 adder skeletons
  2 adder zombies
  6 giant geckos
  2 oozes
  22 orcs
  2 ball pythons
  12 bats
  12 hobgoblins
  18 kobolds
  2 quokkas
  3 giant cockroaches
  4 giant newts
  14 goblins
  4 jackals (D:1)
  A jackal skeleton (D:6)
  An orc zombie (D:8)
  12 rats
267 creatures vanquished.

Vanquished Creatures (collateral kills)
  A killer bee (D:10)
  An orc priest (D:6)
  A hound (D:4)
  2 adders
  2 gnolls
  A giant mite (D:4)
  A giant gecko (D:4)
  4 orcs
  A giant cockroach (D:4)
  A rat (D:4)
15 creatures vanquished.

Vanquished Creatures (others)
  3 crimson imps
  5 white imps
  A shadow imp (D:5)
9 creatures vanquished.

Grand Total: 291 creatures vanquished

Notes
Turn   | Place    | Note
--------------------------------------------------------------
     0 | D:1      | Huymann, the High Elf Wizard, began the quest for the Orb.
     0 | D:1      | Reached XP level 1. HP: 11/11 MP: 5/5
   540 | D:1      | Reached XP level 2. HP: 15/17 MP: 1/7
   753 | D:1      | Learned a level 2 spell: Blink
   865 | D:1      | Reached skill level 4 in Spellcasting
  1475 | D:1      | Learned a level 2 spell: Call Imp
  1595 | D:2      | Reached XP level 3. HP: 19/21 MP: 6/11
  1696 | D:2      | Noticed Sigmund
  1753 | D:3      | Found a radiant altar of Vehumet.
  1776 | D:3      | Became a worshipper of Vehumet
  1910 | D:3      | Found an ancient bone altar of Kikubaaqudgha.
  2045 | D:3      | Reached skill level 1 in Summonings
  2169 | D:3      | Reached XP level 4. HP: 11/27 MP: 0/14
  2180 | D:3      | Learned a level 1 spell: Corona
  2720 | D:3      | Learned a level 3 spell: Mephitic Cloud
  2725 | D:3      | Noticed billydstr's ghost (average HOBe)
  2852 | D:4      | Noticed an ogre
  3130 | D:4      | Noticed Natasha
  3141 | D:4      | Killed Natasha
  3146 | D:4      | Reached XP level 5. HP: 26/31 MP: 10/17
  3259 | D:4      | Noticed a phantom
  3259 | D:4      | Noticed a black bear
  3280 | D:4      | Learned a level 3 spell: Conjure Flame
  3291 | D:4      | Killed a phantom
  3291 | D:4      | Reached skill level 5 in Spellcasting
  3503 | D:4      | Killed a black bear
  3503 | D:4      | Reached XP level 6. HP: 35/37 MP: 20/20
  3941 | D:4      | Noticed Natasha
  3946 | D:4      | Killed Natasha
  3946 | D:4      | Reached skill level 1 in Air Magic
  4046 | D:4      | Noticed Natasha
  4059 | D:4      | Killed Natasha
  4339 | D:4      | Learned a level 3 spell: Inner Flame
  4340 | D:5      | Entered Level 5 of the Dungeon
  4410 | D:5      | Acquired Vehumet's first power
  4410 | D:5      | Offered knowledge of Shock by Vehumet.
  4491 | D:5      | Reached skill level 1 in Fighting
  4491 | D:5      | Reached skill level 1 in Short Blades
  4491 | D:5      | Reached XP level 7. HP: 41/43 MP: 22/22
  4573 | D:5      | Found Ceudac's Gadget Boutique.
  4807 | D:5      | Reached skill level 1 in Poison Magic
  5165 | D:5      | Reached skill level 1 in Fire Magic
  5303 | D:6      | Noticed Prince Ribbit
  5309 | D:6      | Killed Prince Ribbit
  5309 | D:6      | Reached skill level 5 in Stealth
  5309 | D:6      | Reached skill level 6 in Spellcasting
  5309 | D:6      | Reached skill level 5 in Conjurations
  5309 | D:6      | Reached XP level 8. HP: 48/50 MP: 24/24
  5360 | D:6      | Found a shattered altar of Ashenzari.
  5611 | D:6      | Found a glowing silver altar of Zin.
  5671 | D:6      | Offered knowledge of Throw Flame by Vehumet.
  6985 | D:7      | Learned a level 2 spell: Throw Flame
  7194 | D:7      | Offered knowledge of Throw Frost by Vehumet.
  7208 | D:7      | Learned a level 2 spell: Throw Frost
  7581 | D:7      | Reached XP level 9. HP: 37/55 MP: 23/26
  7589 | D:7      | Reached skill level 1 in Hexes
  7711 | D:7      | Found a sacrificial altar of Ru.
  7714 | D:7      | Found a stormy altar of Qazlal.
  7721 | D:7      | Found an iron altar of Okawaru.
  7751 | D:7      | Found a staircase to the Ecumenical Temple.
  7780 | D:7      | Reached skill level 1 in Evocations
  7783 | D:7      | Acquired Vehumet's second power
  7795 | D:7      | Reached skill level 7 in Spellcasting
  7806 | D:7      | Reached skill level 1 in Bows
  8596 | D:8      | Reached skill level 1 in Ice Magic
  8672 | D:8      | Found Qaruizup's Gadget Emporium.
  8703 | D:8      | Noticed Grum
  8720 | D:8      | Killed Grum
  8733 | D:8      | Offered knowledge of Dazzling Spray by Vehumet.
  8816 | D:8      | Learned a level 3 spell: Dazzling Spray
  9042 | D:8      | Got a twisted hat
  9053 | D:8      | Identified the +2 hat of Threrph {MR- Dex+5} (You found it on level 8 of the Dungeon)
  9154 | D:8      | Got a faintly glowing ring mail
  9167 | D:8      | Identified the +2 ring mail of the Arcane {Dex+3} (You found it on level 8 of the Dungeon)
  9189 | D:8      | Reached skill level 5 in Dodging
  9299 | D:8      | Got a polished hand axe
  9308 | D:8      | Identified the +5 hand axe of Circularity {antimagic, Int+4} (You found it on level 8 of the Dungeon)
 10113 | D:9      | Found a burning altar of Makhleb.
 10171 | D:9      | Reached XP level 10. HP: 63/63 MP: 28/28
 10281 | D:9      | Found a snail-covered altar of Cheibriados.
 10394 | D:9      | Noticed a hill giant
 10400 | D:9      | Killed a hill giant
 10400 | D:9      | Acquired Vehumet's third power
 10400 | D:9      | Reached skill level 8 in Spellcasting
 10466 | D:9      | Found a shadowy altar of Dithmenos.
 10538 | D:9      | Found a glowing golden altar of the Shining One.
 10733 | D:9      | Offered knowledge of Fulminant Prism by Vehumet.
 10921 | D:9      | Found Gysunt's Weapon Emporium.
 11155 | D:10     | Entered Level 10 of the Dungeon
 11380 | D:10     | Found a runed door.
 11761 | D:10     | Noticed a hill giant
 11790 | D:10     | Killed a hill giant
 11790 | D:10     | Reached skill level 5 in Short Blades
 12276 | D:10     | Noticed a cyclops
 12278 | D:10     | Killed a cyclops
 12429 | D:11     | Noticed a cyclops
 12430 | D:11     | Reached skill level 9 in Spellcasting
 12432 | D:11     | HP: 1/63 [centaur/poisoned arrow (10)]
 12646 | D:10     | Learned a level 2 spell: Repel Missiles
 12751 | D:11     | Killed a cyclops
 12769 | D:11     | Reached XP level 11. HP: 48/69 MP: 21/30
 13154 | D:11     | Found Hiasiof's Jewellery Emporium.
 13469 | D:11     | Found a staircase to the Lair.
 13958 | D:12     | Offered knowledge of Ozocubu's Refrigeration by Vehumet.
 13975 | D:12     | Hit by a large rock thrown by a cyclops

Action                   |  1- 3 |  4- 6 |  7- 9 | 10-12 || total
-------------------------+-------+-------+-------+-------++-------
Melee: Dagger            |    69 |    69 |   171 |    54 ||   363
       Staff             |       |       |       |     8 ||     8
 Fire: Shortbow          |       |       |    34 |       ||    34
Throw: Javelin           |       |       |       |     8 ||     8
 Cast: Magic Dart        |    64 |    51 |    73 |    24 ||   212
       Call Imp          |     6 |    16 |    12 |     2 ||    36
       Blink             |     1 |    11 |    11 |     3 ||    26
       Mephitic Cloud    |       |    19 |    40 |    29 ||    88
       Corona            |       |     4 |     6 |     3 ||    13
       Conjure Flame     |       |     6 |    20 |    11 ||    37
       Throw Flame       |       |       |    43 |    82 ||   125
       Throw Frost       |       |       |     4 |     9 ||    13
       Inner Flame       |       |       |     3 |     8 ||    11
       Dazzling Spray    |       |       |       |    45 ||    45
       Repel Missiles    |       |       |       |     1 ||     1
Evoke: Wand              |       |     1 |     5 |       ||     6
  Use: Scroll            |     3 |     2 |     6 |     9 ||    20
       Potion            |     1 |     1 |       |     3 ||     5
 Stab: Sleeping          |     3 |     3 |     9 |     6 ||    21
       Confused          |       |     3 |    13 |     5 ||    21
       Distracted        |       |     1 |       |       ||     1
       Paralysed         |       |       |     1 |       ||     1
       Invisible         |       |       |       |     6 ||     6
  Eat: Chunk             |     4 |     8 |    17 |    10 ||    39
       Fruit             |       |       |       |     2 ||     2
       Pizza             |       |       |       |     1 ||     1
